 Dungeon Crawl Stone Soup version 0.31-a0-229-g1fc7ce93e2 (webtiles) character file.

Game seed: 15387130865354093630

86 qw the Shooter (level 4, -2/26 HPs)
             Began as a Gargoyle Hexslinger on July 6, 2023.
             Slain by a gnoll
             ... wielding a +0 spear
              (3 damage)
             ... on level 3 of the Dungeon.
             The game lasted 00:00:42 (1926 turns).

qw the Shooter (Gargoyle Hexslinger)                Turns: 1926, Time: 00:00:43

Health: -2/26      AC:  6    Str: 11    XL:     4   Next: 50%
Magic:  5/5        EV: 12    Int: 14    God:
Gold:   185        SH:  0    Dex: 14    Spells: 4/5 levels left

rFire   . . .        Y - +1 sling
rCold   . . .        (no shield)
rNeg    + . .        c - +0 robe
rPois   inf          (no helmet)
rElec   +            i - +0 cloak
rCorr   .            (no gloves)
SInv    .            (no boots)
Will    .....        (no amulet)
Stlth   +            (no ring)
HPRegen 0.24/turn    (no ring)
MPRegen 0.09/turn

%: no passive effects
@: about to teleport
A: sickness immunity, AC +3, negative energy resistance 1, electricity
resistance, torment resistance 1, petrification resistance
a: no special abilities


You were on level 3 of the Dungeon.
You visited 1 branch of the dungeon, and saw 3 of its levels.

You collected 185 gold pieces.


Innate Abilities, Weirdness & Mutations

You are immune to sickness and miasma.
Your stone body is resilient. (AC +3)
You are immune to poison.
You resist negative energy. (rN+)
You are resistant to electric shocks. (rElec)
You are resistant to unholy torment.
You are immune to petrification.


   Skills:
 - Level 2.1 Fighting
 + Level 4.2 Ranged Weapons
 - Level 1.5 Dodging
 - Level 1.0 Spellcasting
 - Level 2.6 Hexes


You had 4 spell levels left.
You knew the following spells:

 Your Spells              Type           Power      Damage    Failure   Level
a - Slow                  Hex            32%        N/A       9%          1

Your spell library contained the following spells:

 Spells                   Type           Power      Damage    Failure   Level
 Inner Flame              Hex/Fire       4%         N/A       41%         3
 Portal Projectile        Hex/Tloc       8%         N/A       41%         3
 Cause Fear               Hex            4%         N/A       65%         4

Inventory:

Hand Weapons
 Y - a +1 sling (weapon)
Armour
 c - a +0 robe (worn)
 i - a +0 cloak (worn)
Scrolls
 a - 3 scrolls of identify
 d - 2 scrolls of enchant armour {unknown}
 g - 2 scrolls of teleportation
Potions
 b - a potion of haste
 f - a potion of curing

Dungeon Overview and Level Annotations

Branches:
Dungeon (3/15)

Altars:


Message History

The gnoll is moderately wounded.
A gnoll comes into view. It is wielding a +0 flail.
You shoot a sling bullet.
The sling bullet barely misses the gnoll.
The gnoll shouts!
The sling bullet hits the gnoll.
The gnoll is lightly wounded.
You shoot a sling bullet.
The sling bullet closely misses the gnoll.
The sling bullet hits the gnoll.
The gnoll is moderately wounded.
You shoot a sling bullet.
The sling bullet hits the gnoll but does no damage.
The gnoll is moderately wounded.
You shoot a sling bullet.
The sling bullet barely misses the gnoll.
The sling bullet hits the gnoll.
The gnoll is lightly wounded.
The gnoll hits you but does no damage. x2; The gnoll hits you with a +0 whip.
You shoot a sling bullet. The sling bullet hits the gnoll.
The gnoll is severely wounded.
The gnoll hits you from afar with a +0 spear.
The gnoll barely misses you. The gnoll hits you with a +0 whip.
You shoot a sling bullet. The sling bullet hits the gnoll.
The gnoll is almost dead.
The gnoll hits you from afar with a +0 spear. x2
The gnoll hits you with a +0 flail. The gnoll misses you. x3
The gnoll barely misses you. The gnoll misses you.
1925 ||| READING 3 scrolls of teleportation.
As you read the scroll of teleportation, it crumbles to dust.
You feel strangely unstable.
The gnoll hits you from afar with a +0 spear.
The gnoll hits you but does no damage.
The gnoll hits you from afar with a +0 spear.
The gnoll closely misses you.
You shoot a sling bullet.
The sling bullet barely misses the gnoll.
The gnoll completely misses you. The gnoll hits you but does no damage.
The gnoll hits you from afar with a +0 spear.
You die...

.. # ... .# ..####
# #. #....##.. ..
... ##........ ##
... #......... ..
..# #......... ##
#.# #####...g.....
#.####.....@g......
#.#....#####gg.##..
#####.#.#### ####
##.......#
...###.########
##.....##.....##
#..............##
%...............#
................#


You could see 4 gnolls.

Vanquished Creatures
  Terence (D:2)
  An adder (D:3)
  A dart slug (D:1)
  5 ball pythons
  5 endoplasms
  A giant cockroach (D:1)
  6 goblins
  4 hobgoblins
  3 jackals (D:1)
  A quokka (D:2)
  8 bats
  5 frilled lizards
  4 kobolds
  3 rats (D:1)
48 creatures vanquished.

Notes
Turn   | Place    | Note
-------+----------+-------------------------------------------
     0 | D:1      | qw the Gargoyle Hexslinger began the quest for the Orb.
     0 | D:1      | Reached XP level 1. HP: 12/12 MP: 2/2
     0 | D:1      | 0 ||| qw: Version: 0.3-a-46-gb1f654a
     0 | D:1      | 0 ||| qw: Game counter: 1186
     0 | D:1      | 0 ||| qw: Melee chars always use a shield: true
     0 | D:1      | 0 ||| qw: God list: Okawaru
     0 | D:1      | 0 ||| qw: Allow faded altars: false
     0 | D:1      | 0 ||| qw: Do Orc after clearing Dungeon:15 true
     0 | D:1      | 0 ||| qw: Do second Lair branch before Depths: true
     0 | D:1      | 0 ||| qw: Lair rune preference: random
     0 | D:1      | 0 ||| qw: Goals: Normal
     0 | D:1      | 0 ||| PLANNING D:1-11
    50 | D:1      | Reached XP level 2. HP: 13/16 MP: 3/3
   201 | D:1      | Reached skill level 3 in Ranged Weapons
   300 | D:1      | Found a faded altar of an unknown god.
   426 | D:1      | Reached XP level 3. HP: 21/21 MP: 4/4
   748 | D:1      | 748 ||| UPGRADING to +0 cloak.
   753 | D:1      | 753 ||| READING scroll labelled OVADITEBIE.
   754 | D:1      | 754 ||| READING scroll labelled WUJIYR EKHIJ.
   755 | D:1      | 755 ||| READING 4 scrolls labelled JIUTOM HIMOEC.
   758 | D:1      | 758 ||| DRINKING 2 clear potions.
   759 | D:1      | 759 ||| DROPPING scroll of poison.
  1429 | D:2      | Noticed Terence
  1446 | D:2      | HP: 2/21 [Terence/+0 mace (5)]
  1447 | D:2      | 1447 ||| READING 3 scrolls of teleportation.
  1448 | D:2      | Killed Terence
  1449 | D:2      | Reached skill level 4 in Ranged Weapons
  1449 | D:2      | Reached XP level 4. HP: 1/26 MP: 5/5
  1733 | D:2      | 1733 ||| READING scroll labelled NIODUZYONE.
  1734 | D:2      | 1734 ||| READING 5 scrolls of identify.
  1734 | D:2      | 1734 ||| IDENTIFYING golden potion
  1735 | D:2      | 1735 ||| READING 4 scrolls of identify.
  1735 | D:2      | 1735 ||| IDENTIFYING fuming ruby potion
  1736 | D:2      | 1736 ||| DROPPING potion of brilliance.
  1924 | D:3      | HP: 5/26 [gnoll/+0 flail (2)]
  1925 | D:3      | 1925 ||| READING 3 scrolls of teleportation.
  1925 | D:3      | HP: 2/26 [gnoll/+0 spear (4)]
  1926 | D:3      | Slain by a gnoll

Levels and vault maps discovered:
D:1:      minmay_arrival_hallway, layout_loops_ring,
          ebering_ecumenical_altar_petrified,
          nicolae_concentric_dashed_squares_mild, chequers_jeans
D:2:      layout_loops_ring, serial_forest, infiniplex_forest_clump_small,
          infiniplex_forest_lined_2, infiniplex_forest_clump_medium,
          infiniplex_forest_clump_curved, infiniplex_forest_clump_medium,
          minmay_fountain_box, uniq_terence
D:3:      layout_rooms, uniq_natasha, uniq_grinder

Skill      XL: |  1  2  3 |
---------------+----------+-----
Ranged Weapons | 3 4 |  4.2
Fighting       | 2 |  2.1
Dodging        | |  1.5
Spellcasting   | |  1.0
Hexes          | |  2.6

Action                     |  1- 3 |  4- 6 || total
---------------------------+-------+-------++-------
   Fire: Sling             |   144 |    37 ||   181
    Use: Scroll            |     4 |     4 ||     8
         Potion            |     1 |       ||     1
 Armour: Robe              |    28 |    17 ||    45
  Dodge: Dodged            |    55 |    34 ||    89

Table legend:
 A = Non-vault XP
 B = Vault XP
 C = Vault XP percentage of total XP
 D = Non-vault monster count
 E = Vault monster count
 F = Vault count percentage of total count
                 A         B        C        D         E       F
            +---------+---------+-------+---------+---------+-------
      Total |      88 |      36 |  29.0 |      47 |       1 |   2.1
            +---------+---------+-------+---------+---------+-------
        D:1 |      46 |       0 |   0.0 |      29 |       0 |   0.0
        D:2 |      22 |      36 |  62.1 |      13 |       1 |   7.1
        D:3 |      20 |       0 |   0.0 |       5 |       0 |   0.0
            +---------+---------+-------+---------+---------+-------
